 Dungeon Crawl Stone Soup version 0.30-a0-879-ga8ba668304 (webtiles) character file.

Game seed: 3642155438291453939

1817 EiAlmux the Conjurer (level 8, -10/44 HPs)
             Began as a Deep Elf Conjurer on Mar 13, 2023.
             Was a Follower of Sif Muna.
             Mangled by an orc warrior
             ... wielding a +0 dire flail
              (13 damage)
             ... on level 6 of the Dungeon.
             The game lasted 00:24:02 (7323 turns).

EiAlmux the Conjurer (Deep Elf Conjurer)            Turns: 7323, Time: 00:24:03

Health: -10/44     AC:  3    Str:  4    XL:     8   Next: 85%
Magic:  12/20      EV: 13    Int: 26    God:    Sif Muna [*.....]
Gold:   279        SH:  5    Dex: 13    Spells: 13/21 levels left

rFire   . . .      SeeInvis .    o - +0 dagger (venom)
rCold   . . .      Faith    .    A - +0 buckler
rNeg    + . .      Spirit   .    a - +0 robe
rPois   .          Reflect  .    (no helmet)
rElec   .          Rampage  .    (no cloak)
rCorr   .                        y - +0 pair of gloves
Will    .....                    (no boots)
Stlth   +++                      (no amulet)
HPRegen 0.27/turn                C - ring of positive energy
MPRegen 0.17/turn                (no ring)

@: no status effects
A: no striking features
a: Renounce Religion, Channel Magic


You were on level 6 of the Dungeon.
You worshipped Sif Muna.
Sif Muna was aware of your devotion.
You visited 2 branches of the dungeon, and saw 8 of its levels.

You collected 279 gold pieces.

Inventory:

Hand Weapons
 o - a +0 dagger of venom (weapon)
Missiles
 t - a throwing net
Armour
 a - a +0 robe (worn)
 x - the +2 leather armour "Nacuowuw" {Harm rF- rN+++ Str+2}
   (You found it on level 3 of the Dungeon)

   Str:       It affects your strength (+2).
   rF:        It makes you vulnerable to fire.
   rN:        It renders you almost immune to negative energy.
   Harm:      It increases damage dealt and taken.
 y - a +0 pair of gloves (worn)
 A - a +0 buckler (worn)
Jewellery
 C - a ring of positive energy (left hand)
Scrolls
 d - a scroll of fear {unknown}
 e - 5 scrolls of teleportation {unknown}
 g - 2 scrolls of brand weapon {unknown}
 h - a scroll of fog
 k - 3 scrolls of identify {unknown}
 m - a scroll of torment {unknown}
 u - a scroll of immolation {unknown}
 v - a scroll of enchant armour {unknown}
 w - a scroll of butterflies {unknown}
 B - a scroll of silence {unknown}
Potions
 b - a potion of magic
 f - a potion of might {unknown}
 i - 3 potions of brilliance {unknown}
 j - a potion of invisibility {unknown}
 l - 2 potions of degeneration {unknown}
 n - a potion of mutation {unknown}
 q - a potion of ambrosia {unknown}
 r - 2 potions of lignification {unknown}
 s - a potion of curing {unknown}
 D - a potion of haste {unknown}


   Skills:
 - Level 2.0 Fighting
 - Level 5.0 Dodging
 - Level 5.0 Stealth
 * Level 4.7 Shields
 + Level 7.1 Spellcasting
 * Level 7.4 Conjurations
 - Level 4.0 Hexes


You had 13 spell levels left.
You knew the following spells:

 Your Spells              Type           Power      Damage    Failure   Level
a - Magic Dart            Conj           100%       1d8       1%          1
b - Searing Ray           Conj           94%        2d7       1%          2
c - Fulminant Prism       Conj/Hex       19%        3d11      8%          4
d - Slow                  Hex            100%       N/A       1%          1

Your spell library contained the following spells:

 Spells                   Type           Power      Damage    Failure   Level
 Dazzling Flash           Conj/Hex       76%        N/A       2%          3
 Confusing Touch          Hex            30%        N/A       4%          3
 Summon Guardian Golem    Hex/Summ       19%        N/A       11%         3
 Iskenderun's Mystic Bla  Conj/Tloc      28%        2d7       17%         4
 Vampiric Draining        Necr           9%         2d6       24%         3
 Lightning Bolt           Conj/Air       14%        1d27      43%         5
 Airstrike                Air            4%         2d(1-17)  61%         4
 Summon Lightning Spire   Summ/Air       9%         N/A       61%         4
 Alistair's Intoxication  Tmut/Pois      6%         N/A       91%         5
 Borgnjor's Vile Clutch   Necr/Erth      4%         N/A       91%         5
 Orb of Destruction       Conj           23%        9d8       97%         7
 Eringya's Noxious Bog    Tmut/Pois      4%         N/A       100%        6
 Spellforged Servitor     Conj/Summ      14%        N/A       100%        7


Dungeon Overview and Level Annotations

Branches:
Dungeon (7/15)             Temple (1/1) D:4

Altars:
Ashenzari
Dithmenos
Elyvilon
Fedhas
Gozag
Hepliaklqana
Kikubaaqudgha
Makhleb
Nemelex Xobeh
Okawaru
Qazlal
Ru
Sif Muna
Uskayaw
Vehumet
Wu Jian
Yredelemnul
Zin
The Shining One

Shops:
D:1 :

Annotations:
D:3 3 runed translucent doors, gyole's ghost, amateur DjTm
D:5 exclusion: 2 lemures
Temple 2 transporters


Message History

The searing ray misses the orc warrior.
The searing ray hits something!
The orc warrior hits you with a +0 dire flail!
The searing ray hits the orc warrior.
The orc warrior is lightly wounded.
The searing ray hits something!
The orc warrior hits you with a +0 dire flail!
A sky beast appears from thin air!
Reactivating autopickup.
The searing ray hits the orc warrior.
The orc warrior is moderately wounded.
The searing ray hits the sky beast.
The sky beast is severely wounded.
You finish channelling your searing ray.
The orc warrior hits you with a +0 dire flail!
* * * LOW HITPOINT WARNING * * *
Okay, then.
You feel much better. The orc warrior closely misses you.
Casting: Searing Ray (safe; 1% risk of failure)
Confirm with . or Enter, or press ? or * to list all spells.
Aiming: Searing Ray (safe; 1% risk of failure)
Press: ? - help, Shift-Dir - straight line, f - orc warrior
Aim: an orc warrior, wielding a +0 dire flail and wearing a +0 plate armour (moderately wounded, 82% to hit)
The searing ray hits the orc warrior but does no damage.
The orc warrior is moderately wounded.
The searing ray hits the sky beast!
The sky beast is almost dead. (Press . to maintain the ray.)
The orc warrior hits you with a +0 dire flail.
The searing ray hits the orc warrior but does no damage.
The orc warrior is moderately wounded.
The searing ray hits the sky beast!
You kill the sky beast!
Sif Muna accepts your kill.
The orc warrior hits you with a +0 dire flail!!
* * * LOW HITPOINT WARNING * * *
Your Spellcasting skill increases to level 7!
The searing ray hits the orc warrior.
The orc warrior is heavily wounded.
The orc warrior hits you with a +0 dire flail!
You die...

.........'...#.# #.#
.........#...#.# #.#
######'#.#...#.# #.#
.......#.#...#.# #.#
.......#.#...#.# #.#
.....).'.#...#.# #.#
.......#.#...#.# #.#
.......#.#.).#.####.#
†......#.#>...†o@##.#
.......#.#...#.#.##.#
.......#.#...#.#.##.#
.......#.#...#.#.##.#
.......#.#...#.#.##.#
########.#...#.#.##.#
.........#...#)#.##.#
.........#...#.#.##.#
##########...#.#.##.#


You could see an orc warrior.

Vanquished Creatures
  A water moccasin (D:5)
  A sky beast (D:6)
  A black bear (D:6)
  An ogre (D:5)
  A centaur (D:5)
  2 phantoms (D:6)
  A necrophage (D:5)
  2 scorpions (D:5)
  A wight (D:6)
  5 electric eels (D:6)
  3 howler monkeys
  4 hounds
  A jelly (D:5)
  3 orc priests
  A gnoll bouda (D:6)
  An iguana (D:7)
  2 sleepcaps
  5 orc wizards
  A hound skeleton (D:5)
  3 gnolls (D:6)
  7 adders
  A shadow imp (D:5)
  An ufetubus (D:5)
  2 worms (D:2)
  A dart slug (D:1)
  18 orcs
  7 ball pythons
  4 bats
  7 endoplasms
  3 giant cockroaches
  8 goblins
  9 hobgoblins
  10 jackals
  6 quokkas
  2 frilled lizards
  6 kobolds
  7 rats
139 creatures vanquished.

Vanquished Creatures (others)
  9 fulminant prisms
  44 plants (D:1)
53 creatures vanquished.

Grand Total: 192 creatures vanquished

Notes
Turn   | Place    | Note
-------+----------+-------------------------------------------
     0 | D:1      | EiAlmux the Deep Elf Conjurer began the quest for the Orb.
     0 | D:1      | Reached XP level 1. HP: 10/10 MP: 6/6
   149 | D:1      | Reached XP level 2. HP: 16/16 MP: 5/8
   337 | D:1      | Reached skill level 1 in Fighting
   342 | D:1      | Learned a level 2 spell: Searing Ray
   463 | D:1      | Found Savvady's Book Shop.
   737 | D:1      | Reached XP level 3. HP: 20/20 MP: 7/9
  1105 | D:1      | You fall into a shaft and drop 1 floor!
  1462 | D:2      | Reached XP level 4. HP: 25/25 MP: 5/11
  1586 | D:2      | Reached skill level 5 in Conjurations
  1755 | D:2      | Reached XP level 5. HP: 30/30 MP: 10/13
  2651 | D:2      | Learned a level 4 spell: Fulminant Prism
  2732 | D:3      | Found a runed translucent gate.
  2732 | D:3      | Found a runed translucent gate.
  2732 | D:3      | Found a runed translucent gate.
  2733 | D:3      | Noticed gyole's ghost (amateur DjTm)
  3099 | D:3      | Reached skill level 1 in Hexes
  3163 | D:3      | Identified the +2 leather armour "Nacuowuw" {Harm rF- rN+++
                  | Str+2}
  3656 | D:4      | Noticed a black bear
  3775 | D:4      | Found a staircase to the Ecumenical Temple.
  3831 | Temple   | Entered the Ecumenical Temple
  3831 | Temple   | Found a transporter.
  3831 | Temple   | Found a transporter.
  3833 | Temple   | Found a transporter.
  3833 | Temple   | Found a transporter.
  3891 | Temple   | Became a worshipper of Sif Muna the Loreminder
  4185 | D:5      | Entered Level 5 of the Dungeon
  4251 | D:5      | Noticed a lemure
  4325 | D:5      | Reached XP level 6. HP: 35/35 MP: 7/14
  4457 | D:5      | Reached skill level 1 in Shields
  4591 | D:5      | Reached skill level 5 in Spellcasting
  4591 | D:5      | Reached XP level 7. HP: 40/40 MP: 8/16
  4877 | D:5      | Reached skill level 5 in Stealth
  5046 | D:5      | Found a burning altar of Makhleb.
  5401 | D:6      | Reached * piety under Sif Muna
  5767 | D:6      | Reached XP level 8. HP: 44/44 MP: 10/18
  6069 | D:6      | Reached skill level 5 in Dodging
  6579 | D:6      | Learned a level 1 spell: Slow
  7319 | D:6      | HP: 2/44 [orc warrior/+0 dire flail (12)]
  7323 | D:6      | Mangled by an orc warrior

Illustrated notes

Levels and vault maps discovered:
D:1:      roderic_crop_circles_arrival_small, layout_loops_cross, serial_shops,
          nicolae_shop_advertising_works [nicolae_subvault_shop_adworks],
          grunt_decor_resistance, minmay_pentomino_q2
D:2:      cheibrodos_pilgrimage, layout_basic
D:3:      layout_loops_ring, gammafunk_ghost_necromancy, minmay_cupped
D:4:      layout_basic, minmay_temple_entry_statues, kennysheep_generic_room_13
D:5:      layout_basic, makhleb_blood_cavern_becter, uniq_pikel
D:6:      layout_basic, kennysheep_boxes
D:7:      layout_gridville, amethyst_overflow_temple_binary, enter_bailey_4,
          nicolae_shop_unique_rings
Temple:   hellmonk_temple_divided_pantheon

Skill      XL: |  1  2  3  4  5  6  7  8 |
---------------+-------------------------+-----
Fighting       | 1 2 |  2.0
Stealth        | 3 4 5 |  5.0
Conjurations   | 5 6 7 |  7.4
Spellcasting   | 4 5 7 |  7.1
Dodging        | 3 4 5 |  5.0
Hexes          | 2 3 4 |  4.0
Shields        | 1 3 4 |  4.7

Action                     |  1- 3 |  4- 6 |  7- 9 || total
---------------------------+-------+-------+-------++-------
  Melee: Unarmed           |    10 |       |       ||    10
         Dagger            |    15 |     5 |    12 ||    32
   Cast: Magic Dart        |    78 |    79 |    46 ||   203
         Searing Ray       |     2 |    13 |    28 ||    43
         Fulminant Prism   |       |       |     9 ||     9
    Use: Scroll            |       |     2 |     2 ||     4
         Potion            |       |       |     3 ||     3
 Armour: Robe              |     4 |     1 |     7 ||    12
         Leather armour    |       |     2 |     2 ||     4
  Dodge: Dodged            |    18 |     5 |    31 ||    54
  Block: Buckler           |       |       |    11 ||    11

Table legend: (Time is in decaauts)
 A = Elapsed time spent in this place.
 B = Non-inter-level travel time spent in this place.
 C = Inter-level travel time spent in this place.
 D = Time resting spent in this place.
 E = Time spent auto-exploring this place.
 F = Levels seen in this place.
 G = Mean time per level.
                   A        B        C        D        E       F      G
               +--------+--------+--------+--------+--------+-----+--------+
         Total |   7326 |   6904 |    422 |    917 |   4778 |   8 |  915.8 |
       Dungeon |   7249 |   6827 |    422 |    917 |   4772 |   7 | 1035.6 |
        Temple |     76 |     76 |      0 |      0 |      6 |   1 |   76.0 |
               +--------+--------+--------+--------+--------+-----+--------+

Top non-repeatable levels by time:
     D:6: 1841 daAuts
     D:2: 1418 daAuts
     D:1: 1309 daAuts
     D:5: 1202 daAuts
     D:3: 940 daAuts
     D:4: 439 daAuts
     D:7: 97 daAuts
  Temple: 76 daAuts
